 Dungeon Crawl Stone Soup version 0.29-a0-885-gb26ba3297d (webtiles) character file.

Game seed: 16565383379296389166

656 jimonade the Shooter (level 7, -7/55 HPs)
             Began as a Formicid Hunter on July 21, 2022.
             Was a Follower of Vehumet.
             Mangled by a gnoll sergeant
             ... wielding a +2 trident of venom
              (9 damage)
             ... on level 4 of the Dungeon.
             The game lasted 00:09:57 (4293 turns).

jimonade the Shooter (Formicid Hunter)              Turns: 4293, Time: 00:09:57

Health: -7/55      AC:  8    Str: 15    XL:     7   Next: 85%
Magic:  11/11      EV: 11    Int: 11    God:    Vehumet [*.....]
Gold:   241        SH:  0    Dex: 17    Spells: 12/12 levels left

rFire   . . .      SeeInvis +   a - +0 shortbow
rCold   + . .      Faith    +   (no shield)
rNeg    . . .      Spirit   .   y - +1 ring mail {rC+}
rPois   +          Reflect  .   (helmet unavailable)
rElec   .          Harm     .   v - +0 cloak
rCorr   .          Rampage  .   (no gloves)
Will    .....                   x - +0 pair of boots
Stlth   +.........              t - amulet of faith
HPRegen 0.18/turn               o - ring of poison resistance
MPRegen 0.12/turn               (no ring)

@: lethally poisoned (-7 -> -14)
A: permanent stasis, dig shafts and tunnels, antennae 3, four strong arms
a: Dig, Shaft Self, Renounce Religion


You were on level 4 of the Dungeon.
You worshipped Vehumet.
Vehumet was aware of your devotion.
You visited 1 branch of the dungeon, and saw 5 of its levels.

You collected 241 gold pieces.

Inventory:

Hand Weapons
 a - a +0 shortbow (weapon)
 i - a +1 whip of holy wrath
 B - a +0 sling
 D - a +0 rapier
 F - a +0 dagger of electrocution
 M - a +0 spear
Missiles
 u - 4 javelins
 A - 2 silver boomerangs
 C - 8 poisoned darts
Armour
 c - a +0 leather armour
 v - a +0 cloak (worn)
 x - a +0 pair of boots (worn)
 y - a +1 ring mail of cold resistance (worn)
 G - a +1 robe of positive energy
 L - a +0 chain mail
Magical Staves
 d - a staff of conjuration
Jewellery
 o - a ring of poison resistance (left hand)
 t - an amulet of faith (around neck)
 K - a ring of willpower
Scrolls
 b - 2 scrolls of immolation
 f - 2 scrolls of magic mapping {unknown}
 j - 6 scrolls of identify {unknown}
 l - 3 scrolls of torment {unknown}
 m - 4 scrolls of vulnerability {unknown}
 n - 2 scrolls of brand weapon {unknown}
 p - 4 scrolls of enchant armour {unknown}
 s - a scroll of acquirement {unknown}
 E - a scroll of fog {unknown}
 H - a scroll of fear {unknown}
 J - a scroll of teleportation {unknown}
Potions
 e - 2 potions of brilliance {unknown}
 g - 4 potions of curing {unknown}
 h - a potion of cancellation {unknown}
 k - a potion of mutation {unknown}
 q - a potion of degeneration {unknown}
 r - 2 potions of heal wounds {unknown}
 w - a potion of resistance {unknown}
 z - a potion of attraction {unknown}
 I - a potion of flight {unknown}


   Skills:
 * Level 4.9 Fighting
 + Level 6.6 Ranged Weapons
 + Level 2.2 Armour
 + Level 2.1 Dodging
 + Level 1.5 Stealth
 * Level 3.0 Spellcasting


You had 12 spell levels left.
You didn't know any spells.
Your spell library contained the following spells:

 Spells                   Type           Power      Damage    Failure   Level
 Shock                    Conj/Air       4%         1d3       45%         1
 Apportation              Tloc           2%         N/A       45%         1
 Static Discharge         Conj/Air       1%         3-4/arc   58%         2
 Gell's Gravitas          Tloc           1%         N/A       83%         3
 Lesser Beckoning         Tloc           1%         N/A       83%         3
 Teleport Other           Tloc           1%         N/A       83%         3
 Lightning Bolt           Conj/Air       0%         1d11      100%        5
 Maxwell's Capacitive Co  Air            0%         ∞         100%        8


Dungeon Overview and Level Annotations

Branches:
Dungeon (5/15)
 Temple: D:4-7

Altars:
Makhleb
Vehumet
Zin


Innate Abilities, Weirdness & Mutations

You cannot be hasted, slowed, berserked, paralysed or teleported.
You can dig through walls and to a lower floor.
You have a pair of large antennae on your head. (SInv)
Your four strong arms can wield two-handed weapons with a shield.


Message History

The gnoll attacks as you move away! The gnoll hits you with a +0 whip.
You are too injured to fight recklessly!
You are too injured to fight recklessly!
You are too injured to fight recklessly!
You are too injured to fight recklessly!
You are too injured to fight recklessly!
Unknown command.
Fire: a) +0 shortbow
Press: ? - help, Q - select action, (/) - cycle Shift-Dir - straight line, f - gnoll
Aim: a gnoll, wielding a +0 whip (69% to hit)
Okay, then.
Fire: a) +0 shortbow
Press: ? - help, Q - select action, (/) - cycle Shift-Dir - straight line, f - gnoll
Aim: a gnoll, wielding a +0 whip (69% to hit)
Okay, then.
Fire: a) +0 shortbow
Press: ? - help, Q - select action, (/) - cycle Shift-Dir - straight line, f - gnoll
Aim: a gnoll, wielding a +0 whip (69% to hit)
You shoot an arrow. The arrow hits the gnoll!
The gnoll is severely wounded.
The gnoll hits you with a +0 whip. The gnoll barely misses you.
Fire: a) +0 shortbow
Press: ? - help, Q - select action, (/) - cycle Shift-Dir - straight line, f - gnoll sergeant, p - gnoll
Aim: a gnoll sergeant, wielding a +2 trident of venom and wearing a +0 scale mail (moderately wounded, 72% to hit)
You shoot an arrow. The arrow hits the gnoll!
You kill the gnoll!
Vehumet accepts your kill.
The gnoll sergeant hits you from afar with a +2 trident of venom!
* * * LOW HITPOINT WARNING * * *
You are lethally poisoned!
Your Spellcasting skill increases to level 3!
Fire: a) +0 shortbow
Press: ? - help, Q - select action, (/) - cycle Shift-Dir - straight line, f - gnoll, p - gnoll sergeant
Aim: a gnoll, wielding a +0 club and wearing a +0 robe (69% to hit)
You shoot an arrow. The arrow hits the gnoll sergeant!
The gnoll sergeant is severely wounded.
* * * LOW HITPOINT WARNING * * *
You feel very sick.
The gnoll sergeant hits you from afar with a +2 trident of venom!
You die...

#....................##
..#.........###.......#
#####........##.......#
# ##.......##.......# #
#........###.....##
#####.#.....## #g...##
...#.......### #g####
.............###)#
.............[##@#
............#..#.#
............##.#.#
............##.#.#
............##.#.#
............##.#.#
.............#.#.##
...##.....##.#....#
#########.##..#.#.#


You could see a gnoll sergeant and a gnoll.

Vanquished Creatures
  A black bear (D:3)
  An ogre (D:5)
  A phantom (D:4)
  A necrophage (D:3)
  A hound (D:4)
  An orc priest (D:4)
  Natasha (twice) (D:2)
  An orc wizard (D:3)
  Robin (D:2)
  5 gnolls
  4 adders
  2 worms
  A dart slug (D:2)
  10 orcs
  5 endoplasms
  3 giant cockroaches
  16 goblins
  13 hobgoblins
  2 jackals (D:1)
  5 quokkas
  6 ball pythons
  5 bats
  4 frilled lizards (D:1)
  8 kobolds
  10 rats
109 creatures vanquished.

Vanquished Creatures (others)
  20 plants
20 creatures vanquished.

Grand Total: 129 creatures vanquished

Notes
Turn   | Place    | Note
-------+----------+-------------------------------------------
     0 | D:1      | jimonade the Formicid Hunter began the quest for the Orb.
     0 | D:1      | Reached XP level 1. HP: 16/16 MP: 1/1
   107 | D:1      | Reached XP level 2. HP: 18/23 MP: 1/3
   192 | D:1      | Found a faded altar of an unknown god.
   221 | D:1      | Got Plato's Compendium of Transposition
   370 | D:1      | Reached skill level 1 in Spellcasting
   370 | D:1      | Reached XP level 3. HP: 23/28 MP: 4/4
  1313 | D:2      | Reached XP level 4. HP: 34/34 MP: 5/5
  1364 | D:2      | Noticed Robin
  1366 | D:2      | Killed Robin
  1475 | D:2      | Noticed Natasha
  1486 | D:2      | Killed Natasha
  1487 | D:2      | Reached XP level 5. HP: 22/41 MP: 5/7
  1634 | D:2      | Reached skill level 5 in Ranged Weapons
  1810 | D:2      | Noticed Natasha
  1815 | D:2      | Killed Natasha
  2277 | D:3      | Reached skill level 1 in Armour
  2529 | D:3      | Found a radiant altar of Vehumet.
  2640 | D:3      | Became a worshipper of Vehumet
  2797 | D:3      | Reached XP level 6. HP: 47/47 MP: 8/8
  3269 | D:4      | Reached skill level 6 in Ranged Weapons
  3309 | D:4      | Reached XP level 7. HP: 53/54 MP: 10/10
  3319 | D:4      | Reached * piety under Vehumet
  3319 | D:4      | Offered knowledge of Shock by Vehumet.
  3875 | D:4      | Found a glowing silver altar of Zin.
  4128 | D:4      | Found a burning altar of Makhleb.
  4251 | D:5      | Entered Level 5 of the Dungeon
  4293 | D:4      | HP: 2/55 [poisoned by a gnoll sergeant]
  4293 | D:4      | Mangled by a gnoll sergeant

Illustrated notes

Levels and vault maps discovered:
D:1:      spicycebolla_green_bress_n_ham_2, layout_loops_ring,
          shapermc_ecumenical_altar_rom_forum, minmay_box_of_dots
D:2:      wad_lake_hut, layout_loops_ring, uniq_natasha, uniq_robin
D:3:      layout_basic, mainiacjoe_overflow_concentric_impassable
D:4:      layout_rooms, mainiacjoe_overflow_brackets,
          lemuel_coloured_pillars_altar, hex_medium
D:5:      layout_rooms, temple_fountains, serial_shops, shop_fountains,
          dk_vineyard_3, grunt_ministairs_15, kennysheep_cross_bottleneck,
          minmay_fractal_squares_diagonal_5, uniq_blork_the_orc

Skill      XL: |  1  2  3  4  5  6  7 |
---------------+----------------------+-----
Spellcasting   | 1 2 3 |  3.0
Dodging        | 2 |  2.1
Fighting       | 3 4 |  4.9
Ranged Weapons | 5 6 |  6.6
Armour         | 1 2 |  2.2
Stealth        | |  1.5

Action                   |  1- 3 |  4- 6 |  7- 9 || total
-------------------------+-------+-------+-------++-------
 Fire: Shortbow          |   108 |   161 |    76 ||   345
 Abil: Dig               |     2 |       |       ||     2
Armor: Leather armour    |    15 |     5 |       ||    20
       Ring mail         |       |    10 |    38 ||    48
Dodge: Dodged            |    41 |    32 |    56 ||   129

Table legend: (Time is in decaauts)
 A = Elapsed time spent in this place.
 B = Non-inter-level travel time spent in this place.
 C = Inter-level travel time spent in this place.
 D = Time resting spent in this place.
 E = Time spent auto-exploring this place.
 F = Levels seen in this place.
 G = Mean time per level.
                   A        B        C        D        E       F      G
               +--------+--------+--------+--------+--------+-----+--------+
         Total |   4442 |   4156 |    286 |    388 |   2947 |   5 |  888.4 |
       Dungeon |   4442 |   4156 |    286 |    388 |   2947 |   5 |  888.4 |
               +--------+--------+--------+--------+--------+-----+--------+

Top non-repeatable levels by time:
     D:3: 1618 daAuts
     D:2: 1058 daAuts
     D:1: 976 daAuts
     D:4: 755 daAuts
     D:5: 33 daAuts
